 Dungeon Crawl Stone Soup version 0.30-a0-860-g512cf1e979 (webtiles) character file.

Game seed: 8454398877913932238

454 PimpSugar the Magician (level 6, 0/44 HPs)
             Began as a Demonspawn Hedge Wizard on Mar 7, 2023.
             Was a Follower of Vehumet.
             Slain by a gnoll
             ... wielding a +0 spear
             ... led by a gnoll bouda
              (7 damage)
             ... on level 5 of the Dungeon on Mar 8, 2023.
             The game lasted 00:23:29 (4818 turns).

PimpSugar the Magician (Demonspawn Hedge Wizard)    Turns: 4818, Time: 00:23:29

Health: 0/44       AC:  9    Str: 16    XL:     6   Next: 76%
Magic:  0/12       EV: 12    Int: 17    God:    Vehumet [*.....]
Gold:   148        SH:  0    Dex: 13    Spells: 6/13 levels left

rFire   . . .      SeeInvis .    y - staff of poison
rCold   . . .      Faith    .    (no shield)
rNeg    . . .      Spirit   .    v - +0 leather armour
rPois   +          Reflect  .    c - +0 hat
rElec   .          Rampage  .    o - +0 cloak
rCorr   .                        (no gloves)
Will    .....                    r - +0 pair of boots
Stlth   ++                       i - amulet of the acrobat
HPRegen 0.27/turn                B - +6 ring of strength
MPRegen 0.13/turn                C - +4 ring of protection

@: mighty, very slightly contaminated, invisible
A: powered by death 1, powered by pain 1
a: Renounce Religion


You were on level 5 of the Dungeon.
You worshipped Vehumet.
Vehumet was aware of your devotion.
You visited 2 branches of the dungeon, and saw 6 of its levels.
You also visited: Ossuary.

You collected 216 gold pieces.
You spent 68 gold pieces at shops.

Inventory:

Hand Weapons
 a - a +0 dagger
 g - a +2 whip of venom
 p - a +2 dagger of electrocution
 D - a +1 vampiric short sword
 F - a +1 short sword of protection
 G - a +0 whip of venom
Missiles
 e - 5 silver javelins (quivered)
 f - 87 stones
 h - 10 poisoned darts
Armour
 b - a +0 robe
 c - a +0 hat (worn)
 o - a +0 cloak (worn)
 r - a +0 pair of boots (worn)
 v - a +0 leather armour (worn)
Magical Staves
 y - a staff of poison (weapon)
Jewellery
 i - an amulet of the acrobat (around neck)
 j - an amulet of regeneration
 A - the ring of Rohoh {Ice Drain Str-3 Int+8}
   (You found it on level 4 of the Dungeon)

   [ring of ice]

   It enhances your ice magic.
   Str:       It affects your strength (-3).
   Int:       It affects your intelligence (+8).
   rF:        It makes you vulnerable to fire.
   rC:        It protects you from cold.
   Drain:     It drains your maximum health when unequipped.
 B - a +6 ring of strength (left hand)
 C - a +4 ring of protection (right hand)
Wands
 t - a wand of roots (7)
Scrolls
 d - a scroll of acquirement {unknown}
 l - 2 scrolls of teleportation
 n - a scroll of amnesia {unknown}
 q - a scroll of enchant weapon {unknown}
 s - 2 scrolls of magic mapping {unknown}
 x - a scroll of blinking
Potions
 k - 2 potions of brilliance
 m - 7 potions of curing
 u - 2 potions of attraction
 w - 2 potions of invisibility
 z - a potion of might
 E - a potion of cancellation {unknown}


   Skills:
 + Level 1.7 Fighting
 + Level 0.4 Staves
 + Level 2.6 Dodging
 - Level 1.7 Stealth
 * Level 4.3 Spellcasting
 * Level 3.3 Conjurations
 + Level 2.4 Summonings
 + Level 2.2 Translocations
 + Level 0.4 Earth Magic
 + Level 0.8 Poison Magic
 + Level 0.8 Evocations


You had 6 spell levels left.
You knew the following spells:

 Your Spells              Type           Power      Damage    Failure   Level
a - Magic Dart            Conj           60%        1d6       4%          1
b - Sandblast             Erth           10%        2d5       16%         1
c - Call Imp              Summ           11%        N/A       11%         2
d - Call Canine Familiar  Summ           11%        N/A       22%         3

Your spell library contained the following spells:

 Spells                   Type           Power      Damage    Failure   Level
 Blink                    Tloc           22%        N/A       11%         2
 Slow                     Hex            12%        N/A       19%         1
 Cigotuvi's Dreadful Rot  Necr/Pois/Air  12%        N/A       26%         2
 Mephitic Cloud           Conj/Pois/Air  12%        N/A       32%         3
 Portal Projectile        Hex/Tloc       14%        N/A       34%         3
 Leda's Liquefaction      Hex/Erth       2%         N/A       86%         4


Dungeon Overview and Level Annotations

Branches:
Dungeon (5/15)             Temple (1/1) D:4         Ossuary (visited)

Altars:
Ashenzari
Dithmenos
Fedhas
Gozag
Hepliaklqana
Makhleb
Nemelex Xobeh
Okawaru
Ru
Sif Muna
Uskayaw
Vehumet
Wu Jian
Yredelemnul

Shops:
D:1 !   D:2 ?::


Innate Abilities, Weirdness & Mutations

You regenerate a little health from kills.
You sometimes gain a little power by taking damage.


Message History

You feel very mighty all of a sudden. The iguana barely misses you.
The gnoll hits you but does no damage.
You barely miss the gnoll.
The gnoll is heavily wounded.
The gnoll barely misses you.
The gnoll bouda hits you with a +0 whip.
The iguana bites you but does no damage.
The gnoll misses you. The gnoll hits you but does no damage.
You barely miss the gnoll.
The gnoll is heavily wounded.
The iguana closely misses you. The gnoll bouda completely misses you.
The gnoll hits you but does no damage. The gnoll hits you with a +0 club.
You completely miss the gnoll. You punch the gnoll.
The gnoll is severely wounded.
The gnoll bouda misses you. The iguana misses you.
The gnoll hits you but does no damage. x2
You feel better. The gnoll bouda misses you. The iguana barely misses you.
The gnoll misses you. The gnoll hits you but does no damage.
You barely miss the gnoll.
The gnoll is severely wounded.
The gnoll bouda hits you with a +0 whip.
The iguana barely misses you. The gnoll barely misses you.
The gnoll hits you with a +0 club.
The gnoll bouda hits you with a +0 whip.
You hear a distant slurping noise.
The iguana bites you.
You feel better. The gnoll barely misses you. The gnoll closely misses you.
The gnoll bouda hits you with a +0 whip.
The iguana bites you!
Casting: Sandblast (safe; 16% risk of failure)
Confirm with . or Enter, or press ? or * to list all spells.
A beastly little devil appears in a puff of flame.
The gnoll hits you from afar with a +0 spear.
* * * LOW HITPOINT WARNING * * *
The gnoll hits you but does no damage. The gnoll bouda closely misses you.
The iguana bites you.
* * * LOW HITPOINT WARNING * * *
You fade into invisibility!
The gnoll hits you from afar with a +0 spear!
You die...

..............#
..............#
..............#
....g.........#
#######..........#
##.....####'##....#
.. #.......#..g.#
...# ....
+.......'.5lg# ..#
#.. ##+##..####@g#
.#
##..###.##'#####..#
#
........#.........#
........#.........#
........#........>#
......).'.........#
........#.........#
######.############
#..##.###..#


You could see a gnoll bouda (unable to see you), an iguana (unable to see you),
2 gnolls and a friendly crimson imp (summoned).

Vanquished Creatures
  A nameless horror (D:4)
  An orc priest (D:3)
  2 iguanas (D:4)
  2 mummies (Ossuary)
  2 gnolls (D:5)
  3 adders
  An ufetubus (D:4)
  6 adder zombies (Ossuary)
  5 dart slugs
  An orc (D:3)
  4 bats
  5 endoplasms
  2 giant cockroaches
  2 gnoll zombies (Ossuary)
  5 goblins (D:2)
  5 hobgoblins
  4 kobolds
  3 quokkas
  4 ball pythons
  7 frilled lizards
  2 hobgoblin zombies (Ossuary)
  6 kobold zombies (Ossuary)
  3 orc zombies (Ossuary)
  2 rats (D:1)
78 creatures vanquished.

Vanquished Creatures (collateral kills)
  A nameless horror (Ossuary)
  A scorpion (D:5)
  An orc priest (D:5)
  A sleepcap (D:5)
  An orc wizard (D:5)
  A gnoll (D:5)
  2 adders (D:4)
  An adder zombie (Ossuary)
  A dart slug (D:4)
  4 orcs
  A bat (D:3)
  2 endoplasms (D:4)
  A giant cockroach (D:4)
  3 hobgoblins
  2 ball pythons (D:4)
  A frilled lizard (D:3)
  A hobgoblin zombie (Ossuary)
  A kobold (D:4)
  2 kobold zombies (Ossuary)
  An orc zombie (Ossuary)
  2 rats
31 creatures vanquished.

Vanquished Creatures (others)
  A fungus (D:3)
  3 plants
4 creatures vanquished.

Grand Total: 113 creatures vanquished

Notes
Turn   | Place    | Note
-------+----------+-------------------------------------------
     0 | D:1      | PimpSugar the Demonspawn Hedge Wizard began the quest for
                  | the Orb.
     0 | D:1      | Reached XP level 1. HP: 13/13 MP: 4/4
   191 | D:1      | Reached skill level 1 in Translocations
   198 | D:1      | Found Ciregom's Distillery.
   450 | D:1      | Gained mutation: You regenerate a little health from kills.
                  | [demonic ancestry]
   450 | D:1      | Reached XP level 2. HP: 19/19 MP: 0/6
   517 | D:1      | Learned a level 2 spell: Call Imp
  1135 | D:1      | Bought a potion of curing for 42 gold pieces
  1297 | D:2      | Found Kucumib's Book Shoppe.
  1452 | D:2      | Gained mutation: You sometimes gain a little power by
                  | taking damage. [demonic ancestry]
  1452 | D:2      | Reached XP level 3. HP: 25/25 MP: 4/7
  1585 | D:2      | Found Yplankeu's Book Boutique.
  1609 | D:2      | Found Wyziclip's Magic Scroll Shoppe.
  1638 | D:2      | Bought a scroll of identify for 26 gold pieces
  2057 | D:3      | Reached XP level 4. HP: 16/31 MP: 2/9
  2235 | D:3      | Reached skill level 1 in Fighting
  2355 | D:3      | Found a faded altar of an unknown god.
  2433 | D:3      | Learned a level 3 spell: Call Canine Familiar
  2657 | D:3      | Found a sparkling altar of Nemelex Xobeh.
  2780 | D:4      | Reached XP level 5. HP: 31/37 MP: 3/10
  2827 | D:4      | Found a staircase to the Ecumenical Temple.
  2833 | Temple   | Entered the Ecumenical Temple
  2842 | Temple   | Became a worshipper of Vehumet
  2896 | D:4      | Found a sand-covered staircase.
  2917 | Ossuary  | Entered an ossuary
  3134 | Ossuary  | Noticed a nameless horror
  3166 | Ossuary  | Reached * piety under Vehumet
  3166 | Ossuary  | Offered knowledge of Sandblast by Vehumet.
  3260 | Ossuary  | Killed a nameless horror
  3349 | Ossuary  | Reached skill level 4 in Spellcasting
  3613 | D:4      | Learned a level 1 spell: Sandblast
  3675 | D:4      | Noticed a nameless horror
  3684 | D:4      | Identified the ring of Rohoh {Ice Drain Str-3 Int+8}
  3693 | D:4      | Killed a nameless horror
  3970 | D:4      | Reached XP level 6. HP: 40/43 MP: 10/12
  4411 | D:5      | Entered Level 5 of the Dungeon
  4818 | D:5      | Slain by a gnoll

Illustrated notes

Levels and vault maps discovered:
D:1:      mrwooster_arrival_statue, layout_basic, serial_shops,
          nicolae_shop_hallway_stairs, serial_bayou, serial_bayou_ford_a,
          serial_bayou_shore_a, serial_bayou_pond_e, serial_bayou_lagoon_b
D:2:      layout_loops_cross, serial_shops, shop, shop, shop,
          hangedman_decor_clover_reticule
D:3:      layout_rooms, lemuel_round_altar, shapermc_ecumenical_altar_petra
D:4:      layout_cave_pods, temple_green, nicolae_ossuary_entry_monument
D:5:      layout_gridville, nicolae_tso_carved_into_rock, led_xom_imps
Temple:   nicolae_temple_no_exploring_needed

Skill      XL: |  1  2  3  4  5 |
---------------+----------------+-----
Translocations | 1 2 |  2.2
Dodging        | 2 |  2.6
Conjurations   | 2 3 |  3.3
Fighting       | 1 |  1.7
Summonings     | 2 |  2.4
Spellcasting   | 4 |  4.3
Staves         | |  0.4
Stealth        | |  1.7
Earth Magic    | |  0.4
Poison Magic   | |  0.8
Evocations     | |  0.8

Action                     |  1- 3 |  4- 6 || total
---------------------------+-------+-------++-------
  Melee: Dagger            |     5 |       ||     5
         Whip              |    71 |   126 ||   197
         Punch             |     2 |     2 ||     4
         Staff             |       |    74 ||    74
  Throw: Javelin           |     2 |     8 ||    10
         Stone             |       |     1 ||     1
   Cast: Magic Dart        |    34 |    22 ||    56
         Call Imp          |     4 |    26 ||    30
         Call Canine Famil |       |    14 ||    14
         Sandblast         |       |    10 ||    10
  Evoke: Wand              |       |     4 ||     4
    Use: Scroll            |     2 |     6 ||     8
         Potion            |     1 |     7 ||     8
   Stab: Sleeping          |     2 |     1 ||     3
 Armour: Robe              |    18 |    16 ||    34
         Leather armour    |       |    87 ||    87
  Dodge: Dodged            |    49 |   249 ||   298

Table legend: (Time is in decaauts)
 A = Elapsed time spent in this place.
 B = Non-inter-level travel time spent in this place.
 C = Inter-level travel time spent in this place.
 D = Time resting spent in this place.
 E = Time spent auto-exploring this place.
 F = Levels seen in this place.
 G = Mean time per level.
                   A        B        C        D        E       F      G
               +--------+--------+--------+--------+--------+-----+--------+
         Total |   4868 |   4623 |    245 |     81 |   2585 |   7 |  695.4 |
       Dungeon |   4337 |   4099 |    238 |      4 |   2550 |   5 |  867.4 |
        Temple |     20 |     13 |      7 |      0 |      0 |   1 |   20.0 |
       Ossuary |    510 |    510 |      0 |     77 |     35 |   1 |  510.0 |
               +--------+--------+--------+--------+--------+-----+--------+

Top non-repeatable levels by time:
     D:1: 1173 daAuts
     D:4: 1113 daAuts
     D:2: 817 daAuts
     D:3: 815 daAuts
 Ossuary: 510 daAuts
     D:5: 417 daAuts
  Temple: 20 daAuts
